 Dungeon Crawl Stone Soup version 0.20.0-4-g10b340a (webtiles) character file.

142 grindst0ne the Shield-Bearer (level 5, 0/45 HPs)
             Began as a Formicid Fighter on May 27, 2017.
             Succumbed to a gnoll's poison
             ... on level 3 of the Dungeon.
             The game lasted 00:04:49 (1962 turns).

grindst0ne the Shield-Bearer (Formicid Fighter)     Turns: 1962, Time: 00:04:50

Health: 0/45       AC:  9    Str: 21    XL:     5   Next: 50%
Magic:  5/5        EV:  8    Int: 12    God:
Gold:   29         SH: 11    Dex: 11    Spells: 4/4 levels left

rFire    . . .     SeeInvis +   a - +0 war axe
rCold    . . .     Gourm    .   c - +1 shield
rNeg     . . .     Faith    .   b - +0 scale mail
rPois    .         Spirit   .   (helmet unavailable)
rElec    .         Reflect  .   (no cloak)
rCorr    .         Harm     .   (no gloves)
MR       .....                  (no boots)
Stlth    ..........             (no amulet)
Regen    0.2/turn               (no ring)
MPRegen  0.1/turn               (no ring)

@: brilliant, lethally poisoned (0 -> -3)
A: permanent stasis, dig shafts and tunnels, four strong arms, antennae 3,
rugged brown scales 1, yellow scales 1
a: Dig, Shaft Self


You were on level 3 of the Dungeon.
You were hungry.

You visited 1 branch of the dungeon, and saw 3 of its levels.

You collected 29 gold pieces.

Inventory:

Hand Weapons
 a - a +0 war axe (weapon)
Missiles
 t - 5 steel javelins (quivered)
Armour
 b - a +0 scale mail (worn)
 c - a +1 shield (worn)
Scrolls
 i - a scroll of enchant armour
 j - a scroll of remove curse
Potions
 d - a potion of might
 e - a potion of degeneration
 l - a potion of magic
Comestibles
 f - 3 bread rations
 g - 2 chunks of flesh
 q - a meat ration
 s - 2 royal jellies


   Skills:
 - Level 5.0 Fighting
 - Level 2.0 Axes
 - Level 3.2 Armour
 * Level 5.5 Shields


You had 4 spell levels left.
You didn't know any spells.

Dungeon Overview and Level Annotations

Branches:
Dungeon (3/15)

Altars:
Okawaru


Innate Abilities, Weirdness & Mutations

You cannot be hasted, slowed, berserked, paralysed or teleported.
You can dig through walls and to a lower floor.
Your four strong arms can wield two-handed weapons with a shield.
You have a pair of large antennae on your head. (SInv)
You are partially covered in rugged brown scales. (AC +1, +3% HP)
You are partially covered in yellow scales. (AC +2)


Message History

You dig through the rock wall.
* * * LOW HITPOINT WARNING * * *
You feel sick.
Found a scroll of teleportation.
You retract your mandibles.
An orc comes into view. It is wielding a mace.
* * * LOW HITPOINT WARNING * * *
You feel sick.
The orc shouts!
* * * LOW HITPOINT WARNING * * *
You feel sick.
A frilled lizard comes into view.
The gnoll throws a stone.
You block the stone.
You see here a stone.
* * * LOW HITPOINT WARNING * * *
You feel sick. You block the orc's attack.
An adder and a rat come into view.
The adder hisses angrily.
A kobold comes into view. It is wielding a dagger.
You die...

##)# # #. ..# # #.##
#####.#.##.# # ##{#
#####.........#.# #
#g#######
#...............####
##..((.(##
#.............#.##<.
#######g##
#.?...........#.##..
##{###.............#.....
##{##.............######
##.#..@..(........
##.....lS$r......
##..o...##K..... #..(...#
#......# ########


You could see an adder, an orc, a kobold (wandering), a frilled lizard and a
rat.

Vanquished Creatures
  An orc priest (D:3)
  A gnoll (D:3)
  3 adders
  3 worms
  A dart slug (D:2)
  6 orcs (D:3)
  2 giant cockroaches (D:1)
  4 goblins
  4 hobgoblins
  4 jackals (D:3)
  3 ball pythons
  9 bats
  4 frilled lizards
  11 kobolds
  8 rats
64 creatures vanquished.

Notes
Turn   | Place    | Note
-------+----------+-------------------------------------------
     0 | D:1      | grindst0ne the Formicid Fighter began the quest for the Orb.
     0 | D:1      | Reached XP level 1. HP: 18/18 MP: 1/1
    55 | D:1      | Reached XP level 2. HP: 25/25 MP: 2/2
   541 | D:1      | Reached XP level 3. HP: 30/31 MP: 3/3
   767 | D:2      | Found an iron altar of Okawaru.
  1056 | D:2      | Reached skill level 5 in Fighting
  1056 | D:2      | Reached XP level 4. HP: 38/39 MP: 4/4
  1602 | D:3      | Reached skill level 5 in Shields
  1602 | D:3      | Reached XP level 5. HP: 22/44 MP: 5/5
  1941 | D:3      | Gained mutation: You are partially covered in rugged brown scales. (AC +1, +3% HP) [potion of mutation]
  1941 | D:3      | Gained mutation: You are partially covered in yellow scales. (AC +2) [potion of mutation]
  1956 | D:3      | HP: 2/45 [poisoned by a gnoll]
  1962 | D:3      | Succumbed to a gnoll's poison

Skill      XL: |  1  2  3  4 |
---------------+-------------+-----
Fighting       | 4 5 |  5.0
Shields        | 5 |  5.5
Axes           | |  2.0
Armour         | |  3.2

Action                   |  1- 3 |  4- 6 || total
-------------------------+-------+-------++-------
Melee: War axe           |   143 |    99 ||   242
 Abil: Dig               |     1 |     7 ||     8
  Use: Scroll            |       |     6 ||     6
       Potion            |       |     3 ||     3
  Eat: Chunk             |     1 |     4 ||     5
Armor: Scale mail        |    88 |    51 ||   139
Dodge: Dodged            |    57 |    46 ||   103
Block: Shield            |    95 |    80 ||   175
